 Dungeon Crawl Stone Soup version 0.23.1-37-gaa34b87 (webtiles) character file.

Game seed: 828577439337580333

620 Fang the Skirmisher (level 7, -5/44 HPs)
             Began as a Gargoyle Berserker on Mar 21, 2019.
             Was a Priest of Trog.
             Killed by divine providence
             ... invoked by an orc priest
              (9 damage)
             ... on level 4 of the Dungeon.
             The game lasted 00:04:56 (3582 turns).

Fang the Skirmisher (Gargoyle Berserker)            Turns: 3582, Time: 00:04:57

Health: -5/44      AC: 17    Str: 22    XL:     7   Next: 46%
Magic:  7/7        EV:  9    Int:  8    God:    Trog [***...]
Gold:   177        SH:  0    Dex:  9    Spells: 6/6 levels left

rFire    . . .     SeeInvis .   a - +0 hand axe
rCold    . . .     Gourm    .   (no shield)
rNeg     + . .     Faith    .   r - +0 chain mail
rPois    ∞         Spirit   .   o - +2 helmet
rElec    +         Reflect  .   (no cloak)
rCorr    .         Harm     .   (no gloves)
MR       .....                  (no boots)
Stlth    ..........             (no amulet)
HPRegen  0.14/turn              (no ring)
MPRegen  0.10/turn              (no ring)

@: berserk cooldown, slowed, very slow
A: negative energy resistance 1, electricity resistance, unbreathing,
petrification resistance, rot immunity, AC +4
a: Berserk, Trog's Hand, Renounce Religion


You were on level 4 of the Dungeon.
You worshipped Trog.
Trog was most pleased with you.
You were hungry.

You visited 1 branch of the dungeon, and saw 4 of its levels.

You collected 177 gold pieces.

Inventory:

Hand Weapons
 a - a +0 hand axe (weapon)
Armour
 o - a +2 helmet (worn)
 r - a +0 chain mail (worn)
Jewellery
 n - an uncursed ring of magical power {unknown}
Wands
 t - a wand of random effects (19)
Scrolls
 d - 4 scrolls of teleportation {unknown}
 e - 6 scrolls of fog {unknown}
 f - 2 scrolls of enchant weapon {unknown}
 g - a scroll of enchant armour {unknown}
 h - 3 scrolls of identify {unknown}
 k - a scroll of amnesia {unknown}
 l - a scroll of random uselessness {unknown}
 m - a scroll of magic mapping {unknown}
 q - 2 scrolls of remove curse {unknown}
 s - a scroll of blinking {unknown}
 u - 4 scrolls of fear {unknown}
Potions
 b - a potion of mutation {unknown}
 i - a potion of brilliance {unknown}
 j - a potion of cancellation {unknown}
 p - a potion of lignification {unknown}
 v - a potion of curing {unknown}
 w - 2 potions of berserk rage {unknown}
Comestibles
 c - 8 rations


   Skills:
 + Level 5.3 Fighting
 + Level 4.4 Axes
 + Level 4.7 Armour
 + Level 3.5 Dodging


You had 6 spell levels left.
You didn't know any spells.
Your spell library was empty.

Dungeon Overview and Level Annotations

Branches:
Dungeon (4/15)
 Temple: D:4-7

Altars:
Fedhas
Gozag


Innate Abilities, Weirdness & Mutations

You are resistant to torment.
Your stone body is resilient. (AC +4)
You are immune to poison.
You resist negative energy. (rN+)
You are resistant to electric shocks. (rElec)
You can survive without breathing.
You are immune to petrification.
You are immune to rotting.


Message History

You bump into the rock wall.
You are no longer berserk.
You are exhausted.
You feel yourself slow down. The orc hits you but does no damage.
The orc priest hits you but does no damage. x2
Something hits you but does no damage.
The orc priest hits you but does no damage.
You see here 8 tomahawks.
Okay, then.
Unknown command.
You feel less confused.
The orc priest invokes the aid of Beogh against you.
Pain shoots through your body!
The orc priest calls down the wrath of Beogh upon you.
Beogh smites you!
* * * LOW HITPOINT WARNING * * *
The orc priest looks braver for a moment.
The orc priest mumbles some strange prayers to Beogh against you.
Beogh smites you!
You die...

#................
#...............# ..#
#....<........... #..#
#..............#.
#..##
#................
#<..####.............#
#.....###....)o.....#
..........."..o(@..#
..............{#####
...............#
#.......###$...#
####...........#
##..........#
##.........##
##.........##
##..............


You could see 2 orc priests.

Vanquished Creatures
  A scorpion (D:4)
  An orc priest (D:3)
  A bullfrog skeleton (D:4)
  3 iguanas (D:4)
  A worker ant (D:4)
  Natasha (thrice) (D:3)
  2 orc wizards (D:3)
  Robin (D:2)
  10 gnolls
  5 adders
  A shadow imp (D:3)
  An ooze (D:2)
  3 dart slugs
  2 leopard geckos
  11 orcs
  2 ball pythons
  3 giant cockroaches
  18 goblins
  4 hobgoblins
  12 jackals
  9 bats
  A frilled lizard (D:1)
  11 kobolds
  9 rats
115 creatures vanquished.

Notes
Turn   | Place    | Note
-------+----------+-------------------------------------------
     0 | D:1      | Fang the Gargoyle Berserker began the quest for the Orb.
     0 | D:1      | Reached XP level 1. HP: 14/14 MP: 1/1
   126 | D:1      | Reached XP level 2. HP: 19/19 MP: 2/2
   795 | D:2      | Reached XP level 3. HP: 22/24 MP: 3/3
   808 | D:2      | Reached XP level 4. HP: 5/29 MP: 4/4
  1162 | D:2      | Reached ** piety under Trog
  1190 | D:2      | Reached skill level 4 in Fighting
  1246 | D:2      | Found a blossoming altar of Fedhas.
  1264 | D:2      | Noticed Robin
  1288 | D:2      | Killed Robin
  1499 | D:2      | Reached XP level 5. HP: 32/33 MP: 5/5
  1832 | D:3      | Reached *** piety under Trog
  2060 | D:3      | Reached XP level 6. HP: 29/39 MP: 6/6
  2396 | D:3      | Found a faded altar of an unknown god.
  2408 | D:3      | Noticed Natasha
  2415 | D:3      | Killed Natasha
  2417 | D:3      | Noticed Natasha
  2427 | D:3      | Killed Natasha
  2502 | D:3      | Noticed Natasha
  2526 | D:3      | Killed Natasha
  2673 | D:3      | Reached skill level 5 in Fighting
  2673 | D:3      | Reached XP level 7. HP: 39/44 MP: 7/7
  2685 | D:3      | Found an opulent altar of Gozag.
  3582 | D:4      | Killed from afar by an orc priest

Skill      XL: |  1  2  3  4  5  6 |
---------------+-------------------+-----
Axes           | 3 4 |  4.4
Dodging        | 2 3 |  3.5
Armour         | 3 4 |  4.7
Fighting       | 4 5 |  5.3

Action                   |  1- 3 |  4- 6 |  7- 9 || total
-------------------------+-------+-------+-------++-------
Melee: Hand axe          |    56 |   307 |    96 ||   459
Invok: Berserk           |     1 |     1 |     1 ||     3
 Stab: Sleeping          |       |     1 |       ||     1
  Eat: Chunk             |       |     8 |     3 ||    11
Armor: Animal skin       |    21 |    84 |       ||   105
       Chain mail        |       |   105 |    74 ||   179
Dodge: Dodged            |    54 |   251 |    36 ||   341
